 Dungeon Crawl Stone Soup version 0.32-a0-306-gfed3edf829 (webtiles) character file.

Game seed: 15245198443455758339

1754 whatisthis the Fighter (level 9, -10/102 HPs)
             Began as an Oni Cinder Acolyte on Feb 14, 2024.
             Was an Initiate of the Shining One.
             Mangled by a fire elemental (14 damage)
             ... created by the fiery vengeance of Ignis
             ... on level 8 of the Dungeon.
             The game lasted 00:20:08 (5941 turns).

whatisthis the Fighter (Oni Cinder Acolyte)         Turns: 5941, Time: 00:20:08

Health: -10/102    AC:  3    Str: 24    XL:     9   Next: 6%
Magic:  10/10      EV:  9    Int: 15    God:    the Shining One [......]
Gold:   332        SH:  0    Dex:  4    Spells: 10/10 levels left

rFire   . . .        t - +2 flail (holy)
rCold   + . .        (no shield)
rNeg    . . .        b - +0 robe
rPois   +            (helmet restricted)
rElec   +            (no cloak)
rCorr   +            (gloves unavailable)
SInv    .            (boots unavailable)
Will    .....        (no amulet)
Stlth   +            (no ring)
HPRegen 0.37/turn    (no ring)
MPRegen 0.12/turn

%: no passive effects
@: mighty, resistant, glowing, fire susceptible
A: large, unfitting armour, horns 1, tough skin 1, double potion healing,
drunken brawling
a: Renounce Religion


You were on level 8 of the Dungeon.
You worshipped the Shining One.
The Shining One was noncommittal.
You visited 2 branches of the dungeon, and saw 9 of its levels.

You collected 332 gold pieces.

Inventory:

Hand Weapons
 s - a +0 giant spiked club
 t - a +2 flail of holy wrath (weapon)
 v - a +0 dagger of venom
Missiles
 w - a curare-tipped dart
 x - 4 poisoned darts (quivered)
 B - a boomerang
Armour
 b - a +0 robe (worn)
Wands
 h - a wand of digging (6)
 k - a wand of polymorph (8)
 o - a wand of flame (40)
Scrolls
 c - 3 scrolls of blinking
 g - a scroll of enchant weapon {unknown}
 i - a scroll of butterflies {unknown}
 l - 2 scrolls of poison {unknown}
 m - a scroll of brand weapon {unknown}
 p - 4 scrolls of teleportation
 q - a scroll of amnesia {unknown}
 r - a scroll of vulnerability {unknown}
 u - 3 scrolls of fear {unknown}
 y - a scroll of revelation {unknown}
 D - a scroll of enchant armour {unknown}
Potions
 a - a potion of enlightenment
 e - 2 potions of might
 j - a potion of invisibility {unknown}
 n - a potion of attraction {unknown}
 z - a potion of heal wounds {unknown}
 A - a potion of ambrosia {unknown}
 C - a potion of mutation {unknown}


   Skills:
 + Level 10.4 Fighting
 + Level 7.9 Maces & Flails
 - Level 3.9 Dodging
 - Level 1.2 Spellcasting
 - Level 2.6 Fire Magic


You had 10 spell levels left.
You didn't know any spells.
Your spell library contained the following spells:

 Spells                   Type           Power      Damage    Failure   Level
 Scorch                   Fire           16%        2d5       12%         2


Dungeon Overview and Level Annotations

Branches:
Dungeon (8/15)             Temple (1/1) D:5
   Lair: D:8-11

Altars:
Ashenzari
Cheibriados
Dithmenos
Elyvilon
Fedhas
Gozag
Hepliaklqana
Kikubaaqudgha
Nemelex Xobeh
Okawaru
Qazlal
Ru
Sif Muna
Trog
Uskayaw
Wu Jian
Xom
Yredelemnul
The Shining One

Shops:
D:4 *

Annotations:
D:7 Maurice
D:8 Grum


Innate Abilities, Weirdness & Mutations

You are too large for most types of armour.
You have a pair of small horns on your head.
You have tough skin. (AC +1)
You gain doubled healing and magic from potions.
Whenever you drink a healing potion, you attack all around you.


Message History

Press: ? - help, Shift-Dir - straight line, f - wolf
Aim: a wolf (will become a river rat, a boggart, or a bat, chance to affect: 49%)
The wolf resists with some effort.
The wolf bites you. The wolf bites you!
Unknown command.
Aiming: Polymorph
Press: ? - help, Shift-Dir - straight line, f/p - wolf
Aim: a wolf (will become a river rat, a boggart, or a bat, chance to affect: 49%)
The wolf evaporates and reforms as a boggart!
The boggart closely misses you.
Unknown command.
It was a potion of might.
You feel very mighty all of a sudden.
Grum points his finger and growls, "Attack!"
The boggart hits you.
As you read the scroll of identify, it crumbles to dust.
a - a potion of enlightenment Your surroundings suddenly seem different.
Ignis calls forth spirits of fire to unmake you! 2 fire elementals come into view.
You hit the fire elemental.
The fire elemental is lightly damaged.
You closely miss the fire elemental.
Your headbutt misses the fire elemental.
The fire elemental is lightly damaged.
The fire elemental hits you. The fire elemental burns you!
* * * LOW HITPOINT WARNING * * *
The fire elemental closely misses you.
You hit the fire elemental.
The fire elemental is moderately damaged.
The fire elemental hits you. The fire elemental burns you!
* * * LOW HITPOINT WARNING * * *
The fire elemental hits you. The fire elemental burns you!
* * * LOW HITPOINT WARNING * * *
Unknown command.
It was a potion of resistance.
You feel protected. The fire elemental hits you.
* * * LOW HITPOINT WARNING * * *
The fire elemental burns you!
You die...

## ..
.# .#
.# .#
##E#
##@# ##
#E###(#
##.#.#
##.#
#.# #.#
#.# #.#
#†#


You could see 2 fire elementals.

Vanquished Creatures
  Grinder (D:5)
  Edmund (D:4)
  2 sky beasts (D:6)
  2 ogres
  A phantom (D:4)
  A kobold brigand (D:4)
  2 scorpions (D:6)
  A killer bee (D:8)
  A bombardier beetle (D:5)
  A jelly (D:5)
  4 hounds
  2 orc priests (D:4)
  3 iguanas
  A gnoll bouda (D:4)
  Natasha (thrice) (D:3)
  2 orc wizards (D:4)
  5 gnolls
  8 adders
  2 white imps (D:6)
  3 ribbon worms
  3 dart slugs
  16 orcs
  4 endoplasms
  2 giant cockroaches
  6 hobgoblins
  2 jackals (D:3)
  8 kobolds
  3 quokkas
  8 ball pythons
  3 bats
  2 frilled lizards (D:1)
  6 goblins
  4 rats
113 creatures vanquished.

Vanquished Creatures (others)
  49 foxfires
49 creatures vanquished.

Grand Total: 162 creatures vanquished

Notes
Turn   | Place    | Note
-------+----------+-------------------------------------------
     0 | D:1      | whatisthis the Oni Cinder Acolyte began the quest for the
                  | Orb.
     0 | D:1      | Reached XP level 1. HP: 24/24 MP: 2/2
   121 | D:1      | Reached XP level 2. HP: 22/33 MP: 3/3
   344 | D:1      | Reached XP level 3. HP: 37/41 MP: 4/4
   449 | D:1      | Reached skill level 5 in Fighting
   701 | D:2      | Reached XP level 4. HP: 47/50 MP: 5/5
   839 | D:2      | You fall into a shaft and drop 2 floors!
   884 | D:4      | Noticed an ogre
   938 | D:3      | Noticed Natasha
   949 | D:3      | Killed Natasha
  1039 | D:3      | Noticed Natasha
  1144 | D:3      | Killed Natasha
  1145 | D:3      | Reached skill level 6 in Fighting
  1145 | D:3      | Reached XP level 5. HP: 29/59 MP: 6/6
  1277 | D:3      | Noticed Natasha
  1284 | D:3      | Killed Natasha
  1325 | D:3      | Found a shimmering blue altar of Sif Muna.
  2202 | D:3      | Killed an ogre
  2203 | D:3      | Reached skill level 5 in Maces & Flails
  2203 | D:3      | Reached XP level 6. HP: 33/68 MP: 7/7
  2338 | D:4      | Noticed Edmund
  2438 | D:4      | Reached skill level 7 in Fighting
  2544 | D:4      | Reached skill level 1 in Dodging
  2694 | D:4      | Reached XP level 7. HP: 50/78 MP: 8/8
  2814 | D:4      | Found Ladaidgho's General Store.
  2929 | D:5      | Entered Level 5 of the Dungeon
  3712 | D:4      | Reached skill level 8 in Fighting
  3740 | D:4      | Killed Edmund
  3866 | D:5      | Reached XP level 8. HP: 69/89 MP: 9/9
  4118 | D:5      | Noticed Grinder
  4129 | D:5      | Killed Grinder
  4130 | D:5      | Reached skill level 9 in Fighting
  4395 | D:5      | Found a staircase to the Ecumenical Temple.
  4466 | Temple   | Entered the Ecumenical Temple
  4501 | Temple   | Fell from the grace of Ignis
  4501 | Temple   | Became a worshipper of the Shining One
  4681 | D:5      | Found a snail-covered altar of Cheibriados.
  4681 | D:5      | Found a hazy altar of Hepliaklqana.
  4687 | D:5      | Found an ancient bone altar of Kikubaaqudgha.
  4689 | D:5      | Found a faded altar of an unknown god.
  4691 | D:5      | Found a faded altar of an unknown god.
  4859 | D:6      | Found a white marble altar of Elyvilon.
  5402 | D:6      | Found a shadowy altar of Dithmenos.
  5402 | D:6      | Found a bloodstained altar of Trog.
  5730 | D:6      | Reached skill level 10 in Fighting
  5760 | D:6      | Reached XP level 9. HP: 79/101 MP: 10/10
  5847 | D:6      | Noticed Blork the orc
  5848 | D:6      | Blork the orc changed into Blork the hound
  5848 | D:6      | Noticed Blork
  5859 | D:6      | Killed Blork the hound
  5884 | D:6      | You fall into a shaft and drop 2 floors!
  5896 | D:7      | Noticed Maurice
  5910 | D:8      | Noticed Grum
  5940 | D:8      | HP: 4/102 [fire elemental[the fiery vengeance of Ignis]
                  | (8)]
  5941 | D:8      | Mangled by a fire elemental

Illustrated notes

Levels and vault maps discovered:
D:1:      roderic_crop_circles_arrival_small, layout_rooms,
          roderic_roman_lattice
D:2:      layout_rooms
D:3:      layout_basic, lemuel_doored_altar, hangedman_decor_peaks_small,
          kennysheep_pointless_box, corexii_shack, uniq_natasha
D:4:      layout_cave_pools, serial_shops, nicolae_shop_tiny_glass, serial_park,
          serial_park_tiny_1, serial_park_square1 [serial_park_minivault_5x5_5],
          serial_park_tiny_pond, grunt_decor_mini_mirrors, uniq_edmund
D:5:      layout_cave_pools, chequers_temple_overflow_minitemple,
          temple_fountains, chequers_jeans, uniq_grinder
D:6:      layout_loops_ring, elyvilon_altar_4, gammafunk_temple_overflow_wave,
          serial_glass, glass_columns_b, glass_columns_a, minivault_19,
          dk_noncrumbling_4, nicolae_the_louvre, uniq_blork_the_orc
D:7:      layout_rooms, zin_treasury, serial_shops,
          nicolae_shop_tiny_waterfront, uniq_maggie, uniq_maurice
D:8:      layout_loops_ring, hellmonk_lair_entry_icy, gammafunk_ghost_smash,
          uniq_joseph, uniq_grum
Temple:   minmay_temple_bridge_abc

Skill      XL: |  1  2  3  4  5  6  7  8 |
---------------+-------------------------+-----
Fighting       | 5 6 7 8 10 | 10.4
Maces & Flails | 4 5 6 7 |  7.9
Dodging        | 1 3 |  3.9
Spellcasting   | |  1.2
Fire Magic     | |  2.6

Action                     |  1- 3 |  4- 6 |  7- 9 || total
---------------------------+-------+-------+-------++-------
  Melee: Mace              |    74 |   135 |    32 ||   241
         Headbutt          |     8 |    14 |    27 ||    49
         Unarmed           |       |     6 |       ||     6
         Dagger            |       |       |    25 ||    25
         Flail             |       |       |   116 ||   116
  Throw: Dart              |       |     8 |    19 ||    27
         Boomerang         |       |       |     7 ||     7
 Invoke: Foxfire Swarm     |       |     4 |     2 ||     6
         Fiery Armour      |       |     2 |     1 ||     3
  Evoke: Wand              |       |       |    13 ||    13
    Use: Scroll            |       |       |     4 ||     4
         Potion            |       |       |     2 ||     2
 Armour: Robe              |    48 |   103 |   178 ||   329
         Skin              |       |     4 |       ||     4
  Dodge: Dodged            |    37 |    77 |    66 ||   180

Table legend: (Time is in decaauts)
 A = Elapsed time spent in this place.
 B = Non-inter-level travel time spent in this place.
 C = Inter-level travel time spent in this place.
 D = Time resting spent in this place.
 E = Time spent auto-exploring this place.
 F = Levels seen in this place.
 G = Mean time per level.
                   A        B        C        D        E       F      G
               +--------+--------+--------+--------+--------+-----+--------+
         Total |   5979 |   5599 |    380 |   1354 |   2320 |   9 |  664.3 |
       Dungeon |   5909 |   5585 |    324 |   1354 |   2320 |   8 |  738.6 |
        Temple |     69 |     13 |     56 |      0 |      0 |   1 |   69.0 |
               +--------+--------+--------+--------+--------+-----+--------+

Top non-repeatable levels by time:
     D:3: 1770 daAuts
     D:4: 1342 daAuts
     D:6: 1047 daAuts
     D:5: 835 daAuts
     D:1: 636 daAuts
     D:2: 220 daAuts
  Temple: 69 daAuts
     D:8: 55 daAuts
     D:7: 1 daAuts
